 Dungeon Crawl Stone Soup version 0.29.1-13-g9f3cf754e1 (webtiles) character file.

Game seed: 1520579856946627954

1772 iambehindu the Cleaver (level 8, 0/56 (66) HPs)
             Began as a Minotaur Berserker on Jan 29, 2023.
             Was a Priest of Trog.
             Slain by a wight
             ... wielding a +3 battleaxe
              (4 damage)
             ... on level 7 of the Dungeon.
             The game lasted 00:41:07 (10747 turns).

iambehindu the Cleaver (Minotaur Berserker)        Turns: 10747, Time: 00:41:08

HP:   0/56 (66)     AC:  8    Str: 30    XL:     8   Next: 80%
MP:   7/7           EV: 11    Int:  4    God:    Trog [***...]
Gold: 367           SH:  0    Dex: 10    Spells: 7/7 levels left

rFire   . . .      SeeInvis .   g - +0 war axe
rCold   . . .      Faith    .   p - orb {mayhem}
rNeg    . . .      Spirit   .   m - +0 scale mail
rPois   .          Reflect  .   (helmet restricted)
rElec   .          Harm     .   (no cloak)
rCorr   .          Rampage  .   (no gloves)
Will    .....                   (no boots)
Stlth   ..........              (no amulet)
HPRegen 0.18/turn               c - +6 ring of strength
MPRegen 0.10/turn               (no ring)

@: heavily drained, invisible
A: horns 2, retaliatory headbutt
a: Renounce Religion, Berserk, Trog's Hand


You were on level 7 of the Dungeon.
You worshipped Trog.
Trog was most pleased with you.
You visited 1 branch of the dungeon, and saw 7 of its levels.

You collected 463 gold pieces.
You spent 96 gold pieces at shops.

Inventory:

Hand Weapons
 a - a +0 hand axe
 g - a +0 war axe (weapon)
 E - a +0 flail of holy wrath
Missiles
 F - a throwing net (quivered)
Armour
 b - a +0 animal skin
 m - a +0 scale mail (worn)
 p - an orb of mayhem (worn)
 y - a +0 ring mail
 z - a +0 buckler
Jewellery
 c - a +6 ring of strength (left hand)
 q - an amulet of magic regeneration
 u - a ring of resist corrosion
 H - an amulet of faith
Wands
 s - a wand of mindburst (15)
 w - a wand of digging (7)
 A - a wand of roots (5)
 G - a wand of flame (18)
Scrolls
 e - a scroll of silence {unknown}
 f - 3 scrolls of magic mapping {unknown}
 k - a scroll of amnesia {unknown}
 l - 2 scrolls of summoning {unknown}
 n - a scroll of fear {unknown}
 o - 4 scrolls of teleportation {unknown}
 v - 3 scrolls of identify {unknown}
 J - a scroll of vulnerability {unknown}
Potions
 d - 2 potions of degeneration {unknown}
 h - 3 potions of curing {unknown}
 i - 2 potions of might {unknown}
 j - a potion of flight {unknown}
 r - a potion of heal wounds {unknown}
 t - a potion of berserk rage {unknown}
 x - 3 potions of attraction {unknown}
 B - 2 potions of brilliance {unknown}
 D - 2 potions of lignification {unknown}
 I - 2 potions of resistance {unknown}


   Skills:
 - Level 3.7 Fighting
 + Level 11.0 Axes
 + Level 8.9 Armour
 - Level 2.1 Dodging
 + Level 1.0 Evocations


You had 7 spell levels left.
You didn't know any spells.
Your spell library was empty.

Dungeon Overview and Level Annotations

Branches:
Dungeon (7/15)             Temple (0/1) D:5

Altars:

Shops:
D:3 (   D:5 **(


Innate Abilities, Weirdness & Mutations

You have a pair of horns on your head.
You reflexively headbutt those who attack you in melee.


Message History

Your will is overpowered!
You are more confused.
You closely miss the wight.
The wight is severely damaged.
The wight zaps a wand.
You resist with some effort.
The now-empty wand crumbles to dust.
You bump into the rock wall.
The wight hits you with a +0 short sword.
The wight attacks as you move away! The wight closely misses you.
You bump into the rock wall.
The wight hits you with a +0 short sword!
You feel drained. The wight attacks as you move away!
The wight hits you with a +0 short sword.
You feel drained.
A wight comes into view. It is wielding a +3 battleaxe.
The wight hits you with a +0 short sword.
The wight hits you with a +0 scimitar.
You feel drained. The wight closely misses you.
You bump into the rock wall.
The wight barely misses you. The wight misses you.
The wight closely misses you.
You miss the wight. Your headbutt misses the wight. You miss the wight. x2
The wight hits you with a +3 battleaxe!
* * * LOW HITPOINT WARNING * * *
You feel drained.
* * * LOW HITPOINT WARNING * * *
The wight barely misses you.
You hit the wight.
The wight is lightly damaged.
You slash the wight!
You feel less confused. The wight closely misses you.
The wight hits you with a +0 scimitar.
* * * LOW HITPOINT WARNING * * *
You feel drained.
* * * LOW HITPOINT WARNING * * *
You fade into invisibility!
The wight closely misses you. You furiously retaliate!
You headbutt the wight, but do no damage.
The wight barely misses you. The wight hits you with a +3 battleaxe.
You die...

.....####.#.## #..
............#######..#
.....###.##......(..#
.... #.#..######..###
.....###.#.## .....#
#...z...## ###.##...
######.....###...##...
##...#zz........####...
#..../@.#######........
#......!.# #.##.#.#.
#........+ #........
#........# #..#.#.#.
##.......# #........
##...#..#######..#.#.#÷
#####..............<.†
#......##...#.#.#. #
##........


You could see 3 wights.

Vanquished Creatures
  Grinder (D:5)
  A wyvern (D:6)
  Edmund (D:5)
  A centaur (D:5)
  A kobold brigand (D:6)
  3 bullfrogs
  A necrophage (D:4)
  4 scorpions
  A killer bee (D:7)
  A hound (D:5)
  3 jellies (D:5)
  2 orc priests
  3 iguanas
  2 orc wizards
  9 gnolls
  9 adders
  2 shadow imps (D:7)
  A white imp (D:6)
  A worm (D:2)
  2 dart slugs (D:2)
  18 orcs
  6 bats
  4 endoplasms
  4 giant cockroaches
  5 goblins
  4 hobgoblins
  4 jackals (D:5)
  3 quokkas
  5 ball pythons
  2 frilled lizards
  8 kobolds
  7 rats
119 creatures vanquished.

Vanquished Creatures (collateral kills)
  A killer bee (D:7)
  A jelly (D:6)
  2 gnolls
  4 orcs
8 creatures vanquished.

Vanquished Creatures (others)
  A killer bee (D:7)
  5 fungi (D:4)
  2 plants (D:3)
8 creatures vanquished.

Grand Total: 135 creatures vanquished

Notes
Turn   | Place    | Note
-------+----------+-------------------------------------------
     0 | D:1      | iambehindu the Minotaur Berserker began the quest for the
                  | Orb.
     0 | D:1      | Reached XP level 1. HP: 19/19 MP: 0/0
   386 | D:1      | Reached skill level 4 in Axes
   392 | D:1      | Reached XP level 2. HP: 26/27 MP: 1/1
  1899 | D:2      | Reached skill level 5 in Axes
  1899 | D:2      | Reached XP level 3. HP: 33/33 MP: 2/2
  1974 | D:2      | Reached ** piety under Trog
  2157 | D:2      | Reached XP level 4. HP: 24/40 MP: 3/3
  2164 | D:2      | HP: 2/60 [gnoll/+0 halberd (5)]
  2520 | D:2      | Reached skill level 6 in Axes
  2969 | D:3      | Found Letux's Antique Weapon Emporium.
  3545 | D:4      | Reached XP level 5. HP: 21/46 MP: 4/4
  3932 | D:4      | Reached skill level 7 in Axes
  5030 | D:5      | Entered Level 5 of the Dungeon
  5030 | D:5      | Noticed a centaur
  5165 | D:5      | Reached XP level 6. HP: 43/49 MP: 5/5
  5526 | D:5      | Reached skill level 8 in Axes
  5673 | D:5      | Reached skill level 5 in Armour
  5973 | D:5      | Noticed Grinder
  5974 | D:5      | Found Vatib's Weapon Shop.
  5990 | D:5      | Killed Grinder
  5991 | D:5      | Reached skill level 9 in Axes
  5991 | D:5      | Reached XP level 7. HP: 56/58 MP: 6/6
  6071 | D:5      | Identified the +6 spear "Jeask" {speed, *Rage rPois Str+8
                  | Stlth+}
  6503 | D:5      | Found Icinyqie's Assorted Antiques.
  6508 | D:5      | Reached *** piety under Trog
  6512 | D:5      | Found Eneipiudu's General Store.
  6523 | D:5      | Bought a potion of invisibility for 96 gold pieces
  6664 | D:5      | Noticed Edmund
  6673 | D:5      | Killed Edmund
  6870 | D:5      | Found a staircase to the Ecumenical Temple.
  6896 | D:5      | Reached XP level 8. HP: 62/66 MP: 7/7
  8091 | D:6      | Reached skill level 10 in Axes
  9338 | D:6      | Reached skill level 1 in Evocations
 10265 | D:7      | Reached skill level 11 in Axes
 10747 | D:7      | Slain by a wight

Illustrated notes

Levels and vault maps discovered:
D:1:      lightli_molten_gateway, layout_loops_ring
D:2:      layout_rooms
D:3:      layout_rooms, serial_shops, nicolae_shop_overgrown_old_shop
D:4:      layout_loops_ring, serial_aquarium, aquarium_bridge_square
          [aquarium_subvault_window, aquarium_subvault_window,
          aquarium_subvault_window, aquarium_subvault_bridge],
          aquarium_window_fake, aquarium_window_fake, aquarium_window_corner,
          aquarium_window_fake, aquarium_view_2b, aquarium_view_2d,
          aquarium_balcony_3a, aquarium_pool_corner
D:5:      layout_loops_cross, temple_statues, serial_shops, shop,
          nicolae_shop_bloodbath_and_beyond, shop,
          nicolae_ossuary_entry_false_entrances, kennysheep_generic_room_15,
          uniq_grinder, uniq_edmund
D:6:      layout_basic
D:7:      layout_rooms, nrook_mini_vaults, st_stairs_9,
          kennysheep_generic_room_11

Skill      XL: |  1  2  3  4  5  6  7  8 |
---------------+-------------------------+-----
Axes           | 4 5 6 7 9 11 | 11.0
Armour         | 3 5 6 8 |  8.9
Evocations     | 1 |  1.0
Fighting       | |  3.7
Dodging        | |  2.1

Action                   |  1- 3 |  4- 6 |  7- 9 || total
-------------------------+-------+-------+-------++-------
Melee: Hand axe          |    21 |       |       ||    21
       Headbutt          |     9 |    16 |    14 ||    39
       War axe           |    48 |    87 |   107 ||   242
Invok: Berserk           |       |     2 |     2 ||     4
Evoke: Wand              |       |     3 |     5 ||     8
  Use: Potion            |       |       |     1 ||     1
Armor: Animal skin       |    15 |       |       ||    15
       Scale mail        |     4 |    41 |    37 ||    82
Dodge: Dodged            |    54 |    46 |    52 ||   152
